AoeStats
← Ux'RaúlME

Arabia

509803297Analyzed
1v1 RM · 4d ago on Sep 28, 2026· 34m 41s· 2 players
Game mode
Random Map
Map size
Tiny (2 player)
Population
200
Speed
Normal
Resources
Standard
Victory
Conquest
Starting age
Dark Age
Ending age
Imperial Age
RankedLock teamsTeams togetherTeam positionsShared explorationLock speedFull tech treeHidden civsTurbo modeCheats
Victory
Defeat
🇲🇽 Aztecs · Mexico
1376
+16
🇺🇸 Tatars · United States
1373
-16
SLAMPIG
7:10 Loom
9:23 Feudal Age
9:42 Man-at-Arms
12:41 Double-Bit Axe
17:19 Fletching
23:16 Castle Age
21:19 Horse Collar
21:49 Gold Mining
22:22 Padded Archer Armor
22:46 Bloodlines
23:20 Scale Barding Armor
27:21 Husbandry
27:56 Light Cavalry
29:55 Bow Saw
29:50 Bodkin Arrow
Ux'RaúlME
6:25 Loom
6:31 Loom
9:20 Feudal Age
10:07 Double-Bit Axe
20:09 Castle Age
19:09 Scale Mail Armor
19:20 Forging
18:59 Arson
21:39 Chain Mail Armor
22:17 Iron Casting
22:08 Squires
22:21 Eagle Warrior
24:23 Gold Mining
27:21 Fervor
27:37 Sanctity
27:41 Town Watch
28:32 Wheelbarrow
28:35 Redemption
34:00 Hand Cart
Connection lost

Rejoining the realm…

Still unreachable

The connection could not be restored.

Session expired

The server has moved on; the page needs a fresh start.